 Dungeon Crawl Stone Soup version 0.31-a0-263-ge8cad7f256 (webtiles) character file.

Game seed: 8550804458956111832

1621 juan097 the Ruffian (level 8, -13/55 HPs)
             Began as an Octopode Shapeshifter on July 13, 2023.
             Was an Initiate of Ru.
             Mangled by an orc warrior
             ... wielding a +0 halberd
              (17 damage)
             ... on level 6 of the Dungeon.
             The game lasted 00:09:25 (4698 turns).

juan097 the Ruffian (Octopode Shapeshifter)         Turns: 4698, Time: 00:09:25

Health: -13/55     AC:  1    Str: 18    XL:     8   Next: 96%
Magic:  8/8        EV: 14    Int: 10    God:    Ru [......]
Gold:   180        SH:  0    Dex: 13    Spells: 7/7 levels left

rFire   . . .        v - +8 hand axe of Qeaweigh {freeze, Fragile rElec Str+2}
rCold   . . .        (no shield)
rNeg    . . .        (helmet currently unavailable)
rPois   .            (no amulet)
rElec   +            (no ring)
rCorr   .            (no ring)
SInv    .            (no ring)
Will    .....        (no ring)
Stlth   +++          (no ring)
HPRegen 0.29/turn    (no ring)
MPRegen 0.11/turn    (no ring)
                     (no ring)

%: no passive effects
@: beast-form
A: beast (slay +3), almost no armour, amphibious, 8 rings, camouflage 1,
gelatinous body 1, (nimble swimmer 1), tentacles
a: Begin Untransformation, Renounce Religion


You were on level 6 of the Dungeon.
You worshipped Ru.
Ru was noncommittal.
You were a hulking beast.
You visited 2 branches of the dungeon, and saw 7 of its levels.

You collected 180 gold pieces.

Inventory:

Hand Weapons
 v - the +8 hand axe of Qeaweigh (weapon) {freeze, Fragile rElec Str+2}
   (You took it off a hobgoblin on level 3 of the Dungeon)

   Str:       It affects your strength (+2).
   rElec:     It insulates you from electricity.
   Fragile:   It will be destroyed if unequipped.
 y - the +2 rapier of Bile {holy, rPois rF+ rN+ Str-4}
   (You found it on level 4 of the Dungeon)

   Str:       It affects your strength (-4).
   rF:        It protects you from fire.
   rPois:     It protects you from poison.
   rN:        It protects you from negative energy.
Missiles
 k - 7 poisoned darts (quivered)
 A - a throwing net
Armour
 d - an orb of energy
Jewellery
 g - a ring of fire
Talismans
 b - a beast talisman
Wands
 o - a wand of flame (8)
 r - a wand of polymorph (17)
Scrolls
 c - 2 scrolls of poison {unknown}
 e - 2 scrolls of immolation {unknown}
 j - 3 scrolls of identify {unknown}
 p - a scroll of fog {unknown}
 s - a scroll of butterflies {unknown}
 t - 2 scrolls of fear {unknown}
 x - 2 scrolls of noise {unknown}
 z - 2 scrolls of enchant armour {unknown}
Potions
 a - a potion of lignification
 f - 2 potions of magic {unknown}
 h - a potion of haste {unknown}
 i - 2 potions of berserk rage {unknown}
 l - a potion of brilliance {unknown}
 m - 4 potions of heal wounds {unknown}
 n - 4 potions of curing {unknown}
 q - 2 potions of enlightenment {unknown}
 u - a potion of degeneration {unknown}
 w - a potion of mutation {unknown}
 B - 2 potions of might {unknown}
 C - a potion of attraction {unknown}


   Skills:
 + Level 5.3 Fighting
 - Level 2.0 Axes
 - Level 4.0 Dodging
 - Level 2.0 Stealth
 * Level 7.4 Unarmed Combat
 + Level 5.0 Shapeshifting


You had 7 spell levels left.
You didn't know any spells.
Your spell library contained the following spells:

 Spells                   Type           Power      Damage    Failure   Level
 Hailstorm                Conj/Ice       0%         3d3       75%         3
 Inner Flame              Hex/Fire       0%         N/A       75%         3
 Flame Wave               Conj/Fire      0%         2d4       98%         4
 Sticky Flame             Conj/Fire      0%         2d3       98%         4
 Summon Ice Beast         Ice/Summ       0%         N/A       98%         4
 Simulacrum               Ice/Necr       0%         N/A       100%        6


Dungeon Overview and Level Annotations

Branches:
Dungeon (6/15)             Temple (1/1) D:5

Altars:
Ashenzari
Cheibriados
Dithmenos
Elyvilon
Fedhas
Hepliaklqana
Makhleb
Okawaru
Qazlal
Ru
Sif Muna
Trog
Uskayaw
Vehumet
Xom
Yredelemnul
Zin
The Shining One

Annotations:
D:4 Eustachio


Innate Abilities, Weirdness & Mutations

You are a hulking beast.
Your limbs bulge with bestial killing power. (Slay +3)
You cannot wear most types of armour.
You are amphibious.
You can wear up to eight rings at the same time.
Your skin changes colour to match your surroundings (Stealth+).
Your rubbery body absorbs attacks. (AC +1, EV +1)
((You are camouflaged when in or above water. (Stealth+)))
You have tentacles for arms and can constrict up to eight enemies at once.


Message History

You constrict Menkaure.
Menkaure gestures wildly while chanting.
Menkaure seems to speed up.
You slash Menkaure! You freeze Menkaure.
Menkaure is almost destroyed.
You constrict Menkaure.
You destroy Menkaure!
Your Shapeshifting skill increases to level 5!
No target in view!
HP restored.
You now have 180 gold pieces (gained 12).
An orc comes into view. It is wielding a +0 dagger.
An orc comes into view. It is wielding a +0 morningstar.
The orc shouts!
An orc warrior comes into view. It is wielding a +0 halberd.
The orc hits you with a +0 dagger.
The orc warrior shouts!
You slash the orc! You freeze the orc.
You kill the orc!
You hit the orc. You freeze the orc. The orc hits you with a +0 morningstar!
The orc warrior unwields a +0 halberd.
The orc warrior wields a +0 arbalest.
The orc warrior shoots a bolt.
The bolt misses you.
You slash the orc! You freeze the orc.
You kill the orc!
You hit the orc warrior. You freeze the orc warrior.
Your grab misses the orc warrior. You squeeze the orc warrior.
The orc warrior is moderately wounded.
The orc warrior unwields a +0 arbalest.
The orc warrior wields a +0 halberd.
The orc warrior hits you with a +0 halberd!!
You hit the orc warrior. You freeze the orc warrior.
Your grab misses the orc warrior.
The orc warrior is heavily wounded.
The orc warrior hits you with a +0 halberd!!
* * * LOW HITPOINT WARNING * * *
The orc warrior barely misses you.
You barely miss the orc warrior. You grab the orc warrior.
The orc warrior is heavily wounded.
You constrict the orc warrior.
The orc warrior hits you with a +0 halberd!
You die...

#. . #. #.#
##..# #....##
##..#o.##
#....)h.## ###
#....###.##..#
..... ##....#
.... #....##
... ##.....#
.# ##......#
##.<.....#
#........#
##.......##


You could see an orc warrior.

Vanquished Creatures
  Grinder (D:3)
  Sigmund (D:3)
  Menkaure (D:6)
  A water moccasin (D:5)
  An ogre (D:4)
  A bullfrog (D:5)
  3 scorpions
  3 hounds
  4 orc priests
  A gnoll bouda (D:5)
  Ijyb (D:3)
  Terence (D:3)
  An iguana (D:4)
  5 orc wizards
  7 gnolls
  4 adders (D:5)
  3 ufetubi
  A worm (D:5)
  4 dart slugs
  16 orcs
  5 ball pythons
  7 endoplasms
  6 giant cockroaches
  6 hobgoblins
  10 jackals
  12 kobolds
  5 quokkas
  7 bats
  3 frilled lizards
  4 goblins
  7 rats
132 creatures vanquished.

Notes
Turn   | Place    | Note
-------+----------+-------------------------------------------
     0 | D:1      | juan097 the Octopode Shapeshifter began the quest for the
                  | Orb.
     0 | D:1      | Reached XP level 1. HP: 14/14 MP: 1/1
    45 | D:1      | Reached XP level 2. HP: 15/19 MP: 2/2
   157 | D:1      | Reached skill level 1 in Stealth
   267 | D:1      | Reached XP level 3. HP: 22/24 MP: 3/3
   646 | D:2      | Reached skill level 3 in Unarmed Combat
   646 | D:2      | Reached XP level 4. HP: 17/30 MP: 4/4
  1187 | D:3      | Noticed Ijyb
  1189 | D:3      | Noticed Terence
  1198 | D:3      | Killed Ijyb
  1202 | D:3      | Killed Terence
  1203 | D:3      | Reached XP level 5. HP: 11/36 MP: 5/5
  1382 | D:3      | Noticed Grinder
  1459 | D:3      | Identified the +8 hand axe of Qeaweigh {freeze, Fragile
                  | rElec Str+2}
  1635 | D:3      | Paralysed by Grinder for 4 turns
  1641 | D:3      | Killed Grinder
  1642 | D:3      | Reached skill level 1 in Axes
  1642 | D:3      | Reached skill level 4 in Unarmed Combat
  1642 | D:3      | Reached XP level 6. HP: 28/42 MP: 6/6
  2034 | D:3      | Noticed Sigmund
  2038 | D:3      | Killed Sigmund
  2039 | D:3      | Reached skill level 5 in Unarmed Combat
  2039 | D:3      | Reached XP level 7. HP: 47/47 MP: 7/7
  2590 | D:4      | Reached XP level 8. HP: 29/54 MP: 8/8
  2686 | D:4      | Noticed Eustachio
  2830 | D:4      | Found a shadowy altar of Dithmenos.
  2848 | D:4      | Found a hide-covered altar of Uskayaw.
  3022 | D:4      | Identified the +2 rapier of Bile {holy, rPois rF+ rN+
                  | Str-4}
  3038 | D:5      | Entered Level 5 of the Dungeon
  3041 | D:5      | Reached skill level 6 in Unarmed Combat
  3251 | D:5      | Found a staircase to the Ecumenical Temple.
  3643 | D:5      | Reached skill level 5 in Fighting
  3738 | D:5      | Found a sacrificial altar of Ru.
  3884 | Temple   | Entered the Ecumenical Temple
  4130 | D:5      | Became a worshipper of Ru the Awakened
  4164 | D:5      | Reached skill level 7 in Unarmed Combat
  4603 | D:6      | Noticed Menkaure
  4609 | D:6      | Killed Menkaure
  4610 | D:6      | Reached skill level 5 in Shapeshifting
  4698 | D:6      | Mangled by an orc warrior

Illustrated notes

Levels and vault maps discovered:
D:1:      lightli_arrival_boilingwater, layout_basic
D:2:      layout_basic
D:3:      layout_loops_cross, grunt_decor_cap, uniq_ijyb, uniq_terence,
          uniq_grinder, uniq_sigmund
D:4:      layout_rooms, overflow_temple_1_default, kennysheep_mini,
          dreamdust_princess_corridor, uniq_pikel, uniq_eustachio
D:5:      cheibrodos_quashed, layout_layer_cave,
          mainiacjoe_overflow_cross_hatched, minmay_temple_entry_proselytizer,
          minmay_quadrilaterals
D:6:      layout_cave_pods, nicolae_gozag_cash_rules_everything_around_me,
          ebering_ghost_reflecting_pool, uniq_menkaure, uniq_duvessa,
          uniq_blork_the_orc
Temple:   regret_index_temple_waves

Skill      XL: |  1  2  3  4  5  6  7  8 |
---------------+-------------------------+-----
Stealth        | 1 2 |  2.0
Unarmed Combat | 3 4 5 7 |  7.4
Fighting       | 3 4 5 |  5.3
Axes           | 1 2 |  2.0
Dodging        | 3 4 |  4.0
Shapeshifting  | 4 5 |  5.0

Action                     |  1- 3 |  4- 6 |  7- 9 || total
---------------------------+-------+-------+-------++-------
  Melee: Unarmed           |    58 |    58 |       ||   116
         Constrict         |    19 |    17 |    25 ||    61
         Tentacles         |     7 |    14 |    18 ||    39
         Hand axe          |       |    22 |    87 ||   109
         Punch             |       |     1 |     2 ||     3
  Throw: Dart              |       |     1 |    24 ||    25
  Evoke: Wand              |       |     1 |       ||     1
   Stab: Sleeping          |     5 |     2 |     4 ||    11
         Distracted        |       |     1 |       ||     1
 Armour: Skin              |     2 |    20 |     3 ||    25
  Dodge: Dodged            |    22 |    42 |    54 ||   118

Table legend: (Time is in decaauts)
 A = Elapsed time spent in this place.
 B = Non-inter-level travel time spent in this place.
 C = Inter-level travel time spent in this place.
 D = Time resting spent in this place.
 E = Time spent auto-exploring this place.
 F = Levels seen in this place.
 G = Mean time per level.
                   A        B        C        D        E       F      G
               +--------+--------+--------+--------+--------+-----+--------+
         Total |   4707 |   4380 |    327 |     23 |   3458 |   7 |  672.4 |
       Dungeon |   4580 |   4266 |    314 |     23 |   3362 |   6 |  763.3 |
        Temple |    126 |    114 |     12 |      0 |     96 |   1 |  126.0 |
               +--------+--------+--------+--------+--------+-----+--------+

Top non-repeatable levels by time:
     D:5: 1445 daAuts
     D:3: 1066 daAuts
     D:2: 810 daAuts
     D:4: 731 daAuts
     D:1: 429 daAuts
  Temple: 126 daAuts
     D:6: 96 daAuts
